 Dungeon Crawl Stone Soup version 0.19.1 (webtiles) character file.

700 Host24 the Ducker (level 7, -1/50 HPs)
             Began as a Kobold Hunter on Dec 26, 2016.
             Slain by a human zombie (4 damage)
             ... in an ossuary.
             The game lasted 00:09:08 (3611 turns).

Host24 the Ducker (Kobold Hunter)                   Turns: 3611, Time: 00:09:09

Health: -1/50      AC:  4    Str: 10    XL:     7   Next: 98%
Magic:  7/7        EV: 19    Int: 12    God:
Gold:   147        SH:  0    Dex: 17    Spells: 0 memorised, 6 levels left

rFire  . . .     SeeInvis .     a - +1 hand crossbow
rCold  . . .     Gourm    .     j - +1 robe {MR+}
rNeg   . . .     Faith    .     (shield restricted)
rPois  .         Spirit   .     x - +1 hat
rElec  .         Reflect  .     (no cloak)
rCorr  .         Harm     .     (no gloves)
MR     +....                    (no boots)
Stlth  +++.......               (no amulet)
                                (no ring)
                                (no ring)

@: no status effects
A: carnivore 3, robust 1
a: no special abilities


You were in an ossuary.
You were very full.

You visited 1 branch of the dungeon, and saw 4 of its levels.
You also visited: Ossuary.

You collected 147 gold pieces.

Inventory:

Hand Weapons
 a - a +1 hand crossbow (weapon)
 b - a +0 short sword
 l - a cursed -1 shortbow
 u - a +0 hunting sling
 C - a +3 quarterstaff of chaos
Missiles
 d - 31 bolts (quivered)
 g - 167 stones
 i - 6 needles of confusion
 n - 51 arrows
 p - 3 tomahawks
Armour
 j - a +1 robe of magic resistance (worn)
 x - a +1 hat (worn)
 y - a +2 buckler
 A - a +0 shield
Scrolls
 c - a scroll of recharging {unknown}
 h - a scroll of random uselessness {unknown}
 k - a scroll of remove curse {unknown}
 m - a scroll of enchant armour {unknown}
 o - a scroll of magic mapping {unknown}
 r - a scroll of immolation {unknown}
 s - 2 scrolls of identify {unknown}
 t - 2 scrolls of noise {unknown}
 D - a scroll of enchant weapon {unknown}
Potions
 e - a potion of agility {unknown}
 q - 2 potions of beneficial mutation
 v - a potion of might {unknown}
 w - a potion of ambrosia {unknown}
 B - a potion of degeneration {unknown}
Books
 z - a book of Misfortune

   Spells                             Type                      Level
   a - Confusing Touch                Hexes                        1
   b - Confuse                        Hexes                        3
   c - Gell's Gravitas                Hexes/Translocation          3
   d - Petrify                        Transmutation/Earth          4
   e - Metabolic Englaciation         Hexes/Ice                    5
   f - Yara's Violent Unravelling     Hexes/Transmutation          5
Comestibles
 f - 2 meat rations


   Skills:
 - Level 6.2 Fighting
 - Level 5.0 Crossbows
 + Level 6.5 Dodging
 - Level 4.7 Stealth


You had 6 spell levels left.
You didn't know any spells.

Dungeon Overview and Level Annotations

Branches:
Dungeon (4/15)
 Temple: D:4-7

Altars:
Elyvilon


Innate Abilities, Weirdness & Mutations

You are small and have problems with some larger weapons.
You are carnivorous and can eat meat at any time.
You are robust. (+10% HP)


Message History

Firing (i - inventory. (,) - cycle):
d - 33 bolts (quivered)
Press: ? - help, Shift-Dir - straight line, p - big kobold zombie You shoot a bolt.
The bolt barely misses the jackal zombie.
The jackal zombie misses you. The elf zombie closely misses you.
The orc zombie completely misses you.
The big kobold zombie barely misses you.
The jackal zombie completely misses you.
Firing (i - inventory. (,) - cycle):
d - 32 bolts (quivered)
Press: ? - help, Shift-Dir - straight line, f - jackal zombie
Aim: a jackal zombie You shoot a bolt.
The bolt hits the jackal zombie!
You destroy the jackal zombie!
The elf zombie hits you.
* * * LOW HITPOINT WARNING * * *
The orc zombie misses you. The human zombie hits you.
* * * LOW HITPOINT WARNING * * *
The big kobold zombie completely misses you.
The human zombie hits you.
You die...

.......................#
..................M....#
#...............# .....#
#...............##.....#
.......(.....(.........#
.......................#
.......ZZ...........#..#
......Z.ZZ.........##
.......@ZZ.........#
........Z....M.....#
....................#
...Z..................
#...............##.....
#...............# .....
.......(......... .....
.................. ..


You could see a mummy, an adder zombie (dormant), 3 big kobold zombies, an orc
zombie, 2 elf zombies and 2 human zombies.

Vanquished Creatures
  Sigmund (D:2)
  The ghost of Darts the Chiller, an amateur OpIE of Nemelex Xobeh (D:3)
  An ogre (D:4)
  A centaur (D:3)
  Crazy Yiuf (D:3)
  A centaur skeleton (D:3)
  An iguana (D:4)
  Robin (D:2)
  5 adders
  An ooze (D:1)
  2 worms (D:3)
  3 dart slugs
  3 leopard geckos
  An orc (D:3)
  A ball python (D:1)
  7 bats
  2 giant cockroaches
  11 goblins
  15 hobgoblins
  9 jackals
  11 kobolds
  6 quokkas
  3 frilled lizards
  2 jackal zombies (Ossuary)
  13 rats
  A rat zombie (Ossuary)
104 creatures vanquished.

Notes
Turn   | Place    | Note
-------+----------+-------------------------------------------
     0 | D:1      | Host24 the Kobold Hunter began the quest for the Orb.
     0 | D:1      | Reached XP level 1. HP: 12/12 MP: 1/1
    30 | D:1      | Reached XP level 2. HP: 7/18 MP: 2/2
   561 | D:1      | Reached XP level 3. HP: 17/23 MP: 3/3
  1123 | D:2      | Noticed Sigmund
  1132 | D:2      | Killed Sigmund
  1132 | D:2      | Reached XP level 4. HP: 32/32 MP: 4/4
  1132 | D:2      | Reached XP level 5. HP: 36/36 MP: 5/5
  1132 | D:2      | Reached XP level 6. HP: 41/41 MP: 6/6
  1400 | D:2      | Noticed Robin
  1440 | D:2      | Killed Robin
  1798 | D:2      | Reached skill level 5 in Crossbows
  2353 | D:3      | Noticed Darts's ghost (amateur OpIE)
  2361 | D:3      | Killed Darts's ghost
  2361 | D:3      | Reached skill level 5 in Dodging
  2361 | D:3      | Reached XP level 7. HP: 11/46 MP: 7/7
  2976 | D:3      | Found a runed door.
  3156 | D:3      | Found a white marble altar of Elyvilon.
  3371 | D:3      | Noticed Crazy Yiuf
  3377 | D:3      | Killed Crazy Yiuf
  3540 | D:4      | Found a sand-covered staircase.
  3578 | Ossuary  | Entered an ossuary
  3606 | Ossuary  | Gained mutation: You are robust. (+10% HP) [potion of beneficial mutation]
  3611 | Ossuary  | Slain by a human zombie

Skill      XL: |  1  2  3  4  5  6  7 |
---------------+----------------------+-----
Fighting       | 3 6 |  6.2
Dodging        | 3 5 6 |  6.5
Crossbows      | 5 |  5.0
Stealth        | 4 |  4.7

Action                   |  1- 3 |  4- 6 |  7- 9 || total
-------------------------+-------+-------+-------++-------
Melee: Short sword       |   123 |   189 |   111 ||   423
       Quarterstaff      |       |       |    17 ||    17
 Fire: Hand crossbow     |     8 |    21 |    15 ||    44
Throw: Stone             |       |     1 |       ||     1
  Use: Potion            |       |     1 |     3 ||     4
 Stab: Sleeping          |     2 |     4 |     8 ||    14
       Petrified         |       |       |     3 ||     3
       Distracted        |       |       |     1 ||     1
       Confused          |       |       |     1 ||     1
       Petrifying        |       |       |     1 ||     1
  Eat: Chunk             |     8 |     5 |     4 ||    17
Armor: Leather armour    |    17 |       |       ||    17
       Robe              |     9 |    24 |    23 ||    56
Dodge: Dodged            |   138 |   179 |   161 ||   478
